| TOP OF THE 1ST |
|
Salt Lake Bees batting - Pitching for Round Rock Express : RHP Luis Herrera
|
|
Pitching: RHP Luis Herrera
|
|
|
Batting: LHB Justin Alexander
|
0-0: DOUBLE (Flyball, 7LD, EV 109.4 MPH)
|
|
Batting: SHB Butch Brown
|
0-0: Ball 1-0: Foul Ball, location: 2F 1-1: Foul Ball, location: 2F 1-2: Strikes out swinging
|
|
Batting: RHB Ryan Munro
|
0-0: Called Strike 0-1: Foul Ball, location: 2F 0-2: Fly out, F9 (Flyball, 9, EV 85.0 MPH)
|
|
Batting: LHB Jonathon Walton
|
0-0: Ball 1-0: Swinging Strike 1-1: Ball 2-1: Ball 3-1: Swinging Strike 3-2: Foul Ball, location: 2F 3-2: Strikes out swinging
|
| Top of the 1st over - 0 runs, 1 hit, 0 errors, 1 left on base; Salt Lake 0 - Round Rock 0 |
| BOTTOM OF THE 1ST |
|
Round Rock Express batting - Pitching for Salt Lake Bees : RHP Ricky Castillo
|
|
Pitching: RHP Ricky Castillo
|
|
|
Batting: LHB Jody Hudson
|
0-0: Ball 1-0: Swinging Strike 1-1: Ball 2-1: Ground out 6-3 (Groundball, 56, EV 103.8 MPH)
|
|
Batting: RHB Adryão Anto
|
0-0: Foul Ball, location: 2F 0-1: Ball 1-1: Swinging Strike 1-2: Foul Ball, location: 2F 1-2: Ground out 4-3 (Groundball, 4, EV 84.4 MPH)
|
|
Batting: LHB Zion Davidson
|
0-0: Called Strike 0-1: Called Strike 0-2: Strikes out swinging
|
| Bottom of the 1st over - 0 runs, 0 hits, 0 errors, 0 left on base; Salt Lake 0 - Round Rock 0 |
| TOP OF THE 2ND |
|
Salt Lake Bees batting - Pitching for Round Rock Express : RHP Luis Herrera
|
|
Batting: LHB Brett Bugge
|
0-0: Ground out 5-3 (Groundball, 56, EV 102.5 MPH)
|
|
Batting: RHB Kian-tat Chen
|
0-0: Foul Ball, location: 2F 0-1: Ball 1-1: Ground out 4-3 (Groundball, 4, EV 83.8 MPH)
|
|
Batting: RHB Brandon Davis
|
0-0: Ball 1-0: Foul Ball, location: 2F 1-1: Swinging Strike 1-2: Strikes out swinging
|
| Top of the 2nd over - 0 runs, 0 hits, 0 errors, 0 left on base; Salt Lake 0 - Round Rock 0 |
| BOTTOM OF THE 2ND |
|
Round Rock Express batting - Pitching for Salt Lake Bees : RHP Ricky Castillo
|
|
Batting: RHB Mike Quackenbush
|
0-0: Fly out, F7 (Line Drive, 7S, EV 94.4 MPH)
|
|
Batting: RHB Bill Turnbull
|
0-0: Ball 1-0: Foul Ball, location: 2F 1-1: Ground out 5-3 (Groundball, 5, EV 110.6 MPH)
|
|
Batting: RHB Martin Guerrero
|
0-0: Ball 1-0: Called Strike 1-1: SINGLE (Line Drive, 7S, EV 110.6 MPH)
|
|
Batting: RHB Trevor Mock
|
0-0: Ball Wild Pitch! Martin Guerrero to second 1-0: Foul Ball, location: 2F 1-1: Foul Ball, location: 2F 1-2: Strikes out swinging
|
| Bottom of the 2nd over - 0 runs, 1 hit, 0 errors, 1 left on base; Salt Lake 0 - Round Rock 0 |
| TOP OF THE 3RD |
|
Salt Lake Bees batting - Pitching for Round Rock Express : RHP Luis Herrera
|
|
Batting: RHB Josh Faulconer
|
0-0: Fly out, F8 (Flyball, 8LXD, EV 91.2 MPH)
|
|
Batting: RHB Juan Rosa
|
0-0: Foul Ball, location: 2F 0-1: Called Strike 0-2: Ball 1-2: Ball 2-2: Strikes out swinging, 2-3 out at first.
|
|
Batting: LHB Justin Alexander
|
0-0: Ground out 6-3 (Groundball, 6M, EV 86.2 MPH)
|
| Top of the 3rd over - 0 runs, 0 hits, 0 errors, 0 left on base; Salt Lake 0 - Round Rock 0 |
| BOTTOM OF THE 3RD |
|
Round Rock Express batting - Pitching for Salt Lake Bees : RHP Ricky Castillo
|
|
Batting: RHB Ivan Colon
|
0-0: Ball 1-0: Called Strike 1-1: Ball 2-1: Ball 3-1: Base on Balls
|
|
Batting: RHB Jeremy Boerman
|
0-0: Called Strike 0-1: Ball 1-1: Swinging Strike 1-2: Ball 2-2: Ball 3-2: SINGLE (Groundball, 6MD, EV 105.6 MPH) Ivan Colon to second Ivan Colon to third
|
|
Batting: LHB Jody Hudson
|
0-0: Ball 1-0: SINGLE (Line Drive, 9S, EV 95.0 MPH) Ivan Colon scores Jeremy Boerman to second Runner from 2nd tries for 3rd, SAFE, throw by RF made to third
|
|
Batting: RHB Adryão Anto
|
0-0: Ball Jody Hudson steals 2nd base 1-0: Ball 2-0: Foul Ball, location: 2F 2-1: Foul Ball, location: 2F 2-2: Ball 3-2: Strikes out swinging
|
|
Batting: LHB Zion Davidson
|
0-0: Called Strike 0-1: Ball 1-1: Fly out, F6 (Popup, 6, EV 50.6 MPH)
|
|
Batting: RHB Mike Quackenbush
|
0-0: Ball 1-0: Ground out 6-3 (Groundball, 6, EV 106.2 MPH)
|
| Bottom of the 3rd over - 1 run, 2 hits, 0 errors, 2 left on base; Salt Lake 0 - Round Rock 1 |
| TOP OF THE 4TH |
|
Salt Lake Bees batting - Pitching for Round Rock Express : RHP Luis Herrera
|
|
Batting: SHB Butch Brown
|
0-0: Foul Ball, location: 2F 0-1: Foul Ball, location: 2F 0-2: Foul Ball, location: 2F 0-2: Ground out 3-1 (Groundball, 34, EV 85.0 MPH)
|
|
Batting: RHB Ryan Munro
|
0-0: Ball 1-0: Swinging Strike 1-1: Ball 2-1: Ball 3-1: Swinging Strike 3-2: DOUBLE (Line Drive, 9LD, EV 113.1 MPH)
|
|
Batting: LHB Jonathon Walton
|
0-0: Swinging Strike 0-1: Ball 1-1: Foul Ball, location: 2F 1-2: SINGLE (Line Drive, 4D, EV 106.2 MPH) Ryan Munro to third Runner from 3rd tries for Home, SAFE, throw by CF to home Jonathon Walton to second
|
|
Batting: LHB Brett Bugge
|
0-0: Called Strike 0-1: Ball 1-1: Ground out 4-3 (Groundball, 4D, EV 106.9 MPH) Jonathon Walton to third
|
|
Batting: RHB Kian-tat Chen
|
0-0: Ball 1-0: Foul Ball, location: 2F 1-1: Swinging Strike 1-2: Foul Ball, location: 2F 1-2: Ground out 4-3 (Groundball, 4S, EV 72.5 MPH)
|
| Top of the 4th over - 1 run, 2 hits, 0 errors, 1 left on base; Salt Lake 1 - Round Rock 1 |
| BOTTOM OF THE 4TH |
|
Round Rock Express batting - Pitching for Salt Lake Bees : RHP Ricky Castillo
|
|
Batting: RHB Bill Turnbull
|
0-0: Called Strike 0-1: Ball 1-1: Ball 2-1: Swinging Strike 2-2: Strikes out looking
|
|
Batting: RHB Martin Guerrero
|
0-0: Ball 1-0: Called Strike 1-1: Foul Ball, location: 2F 1-2: Ball 2-2: Ball 3-2: Foul Ball, location: 2F 3-2: DOUBLE (Flyball, 78D, EV 101.2 MPH)
|
|
Batting: RHB Trevor Mock
|
0-0: Foul Ball, location: 2F 0-1: Fly out, F8 (Flyball, 8LD, EV 107.5 MPH)
|
|
Batting: RHB Ivan Colon
|
0-0: Ball 1-0: Called Strike 1-1: Ball 2-1: Foul Ball, location: 2F 2-2: Fly out, F9 (Flyball, 9, EV 86.2 MPH)
|
| Bottom of the 4th over - 0 runs, 1 hit, 0 errors, 1 left on base; Salt Lake 1 - Round Rock 1 |
| TOP OF THE 5TH |
|
Salt Lake Bees batting - Pitching for Round Rock Express : RHP Luis Herrera
|
|
Batting: RHB Brandon Davis
|
0-0: Called Strike 0-1: Ball 1-1: Foul Ball, location: 2F 1-2: Strikes out looking
|
|
Batting: RHB Josh Faulconer
|
0-0: Called Strike 0-1: SINGLE (Groundball, 6D, EV 98.8 MPH)
|
|
Batting: RHB Juan Rosa
|
0-0: Called Strike Josh Faulconer steals 2nd base 0-1: Foul Ball, location: 2F 0-2: Ball 1-2: Foul Ball, location: 2F 1-2: Fly out, F7 (Flyball, 7S, EV 77.5 MPH)
|
|
Batting: LHB Justin Alexander
|
0-0: Called Strike 0-1: Ball 1-1: Ball 2-1: Fly out, F5 (Popup, 6S, EV 75.0 MPH)
|
| Top of the 5th over - 0 runs, 1 hit, 0 errors, 1 left on base; Salt Lake 1 - Round Rock 1 |
| BOTTOM OF THE 5TH |
|
Round Rock Express batting - Pitching for Salt Lake Bees : RHP Ricky Castillo
|
|
Batting: RHB Jeremy Boerman
|
0-0: Ball 1-0: Ball 2-0: Foul Ball, location: 2F 2-1: Swinging Strike 2-2: Foul Ball, location: 2F 2-2: Strikes out looking
|
|
Batting: LHB Jody Hudson
|
0-0: SINGLE (Groundball, 56, EV 96.2 MPH)
|
|
Batting: RHB Adryão Anto
|
0-0: Called Strike Jody Hudson is caught stealing 2nd base 2-4 0-1: SINGLE (Groundball, 56, EV 100.6 MPH)
|
|
Batting: LHB Zion Davidson
|
0-0: Called Strike Adryão Anto is caught stealing 2nd base 2-6
|
| Bottom of the 5th over - 0 runs, 2 hits, 0 errors, 0 left on base; Salt Lake 1 - Round Rock 1 |
| TOP OF THE 6TH |
|
Salt Lake Bees batting - Pitching for Round Rock Express : RHP Luis Herrera
|
|
Batting: SHB Butch Brown
|
0-0: Foul Ball, location: 2F 0-1: Foul Ball, location: 2F 0-2: Ball 1-2: Fly out, F4 (Line Drive, 4, EV 63.1 MPH)
|
|
Batting: RHB Ryan Munro
|
0-0: Fly out, F8 (Flyball, 8LD, EV 84.4 MPH)
|
|
Batting: LHB Jonathon Walton
|
0-0: Foul Ball, location: 2F 0-1: Ball 1-1: Called Strike 1-2: Foul Ball, location: 2F 1-2: Foul Ball, location: 2F 1-2: Strikes out swinging
|
| Top of the 6th over - 0 runs, 0 hits, 0 errors, 0 left on base; Salt Lake 1 - Round Rock 1 |
| BOTTOM OF THE 6TH |
|
Round Rock Express batting - Pitching for Salt Lake Bees : RHP Ricky Castillo
|
|
Batting: LHB Zion Davidson
|
0-0: Ball 1-0: Ball 2-0: Swinging Strike 2-1: Ball 3-1: Foul Ball, location: 2F 3-2: Foul Ball, location: 2F 3-2: Foul Ball, location: 2F 3-2: Base on Balls
|
|
Batting: RHB Mike Quackenbush
|
0-0: Ball Zion Davidson steals 2nd base 1-0: DOUBLE (Line Drive, 7LM, EV 106.9 MPH) Zion Davidson scores
|
|
Batting: RHB Bill Turnbull
|
0-0: Ball 1-0: Ball 2-0: Called Strike 2-1: Swinging Strike 2-2: Foul Ball, location: 2F 2-2: Ball 3-2: Ground out 5-3 (Groundball, 5, EV 83.8 MPH)
|
|
Batting: RHB Martin Guerrero
|
0-0: Ball 1-0: Called Strike 1-1: Swinging Strike 1-2: Strikes out swinging
|
|
Pitching: RHP Eric Cunningham
|
|
|
Batting: RHB Trevor Mock
|
0-0: Ball 1-0: DOUBLE (Flyball, 78XD, EV 111.9 MPH) Mike Quackenbush scores
|
|
Batting: RHB Ivan Colon
|
0-0: Ball Trevor Mock is caught stealing 3rd base 2-5
|
| Bottom of the 6th over - 2 runs, 2 hits, 0 errors, 0 left on base; Salt Lake 1 - Round Rock 3 |
| TOP OF THE 7TH |
|
Salt Lake Bees batting - Pitching for Round Rock Express : RHP Luis Herrera
|
|
Batting: LHB Brett Bugge
|
0-0: Ball 1-0: Foul Ball, location: 2F 1-1: Foul Ball, location: 2F 1-2: Ball 2-2: Strikes out swinging
|
|
Batting: RHB Kian-tat Chen
|
0-0: Called Strike 0-1: Ball 1-1: Foul Ball, location: 2F 1-2: Foul Ball, location: 2F 1-2: Ball 2-2: Foul Ball, location: 2F 2-2: Ground out 6-3 (Groundball, 6, EV 80.6 MPH)
|
|
Batting: RHB Brandon Davis
|
0-0: Called Strike 0-1: Swinging Strike 0-2: Ball 1-2: Foul Ball, location: 2F 1-2: Ball 2-2: Foul Ball, location: 2F 2-2: SINGLE (Line Drive, 6MD, EV 100.6 MPH)
|
|
Batting: RHB Josh Faulconer
|
0-0: Ball 1-0: Ball 2-0: Called Strike 2-1: Foul Ball, location: 2F 2-2: Ball Brandon Davis is caught stealing 2nd base 2-4
|
| Top of the 7th over - 0 runs, 1 hit, 0 errors, 0 left on base; Salt Lake 1 - Round Rock 3 |
| BOTTOM OF THE 7TH |
|
Round Rock Express batting - Pitching for Salt Lake Bees : RHP Eric Cunningham
|
|
Batting: RHB Ivan Colon
|
0-0: Called Strike 0-1: Ball 1-1: Foul Ball, location: 2F 1-2: Ball 2-2: Ball 3-2: Strikes out swinging
|
|
Batting: RHB Jeremy Boerman
|
0-0: Called Strike 0-1: Ball 1-1: SINGLE (Groundball, 56S, EV 70.0 MPH) (infield hit)
|
|
Batting: LHB Jody Hudson
|
0-0: Called Strike 0-1: Ball 1-1: Ball 2-1: Ball 3-1: Foul Ball, location: 2F 3-2: Ground out 5-3 (Groundball, 5, EV 81.9 MPH) Jeremy Boerman to second
|
|
Batting: RHB Adryão Anto
|
0-0: Called Strike 0-1: Ball 1-1: SINGLE (Groundball, 6MD, EV 105.6 MPH) Jeremy Boerman to third Runner from 3rd tries for Home, SAFE, throw by CF to home Adryão Anto to second
|
|
Batting: LHB Zion Davidson
|
0-0: 2-RUN HOME RUN (Flyball, 7LD, EV 94.4 MPH), Distance : 354 ft
|
|
Pitching: RHP Andrew Tipton
|
|
|
Batting: RHB Mike Quackenbush
|
0-0: Foul Ball, location: 2F 0-1: Called Strike 0-2: Ball 1-2: Strikes out swinging
|
| Bottom of the 7th over - 3 runs, 3 hits, 0 errors, 0 left on base; Salt Lake 1 - Round Rock 6 |
| TOP OF THE 8TH |
|
Salt Lake Bees batting - Pitching for Round Rock Express : RHP Luis Herrera
|
|
Pitching: RHP Kurt Vitta
|
|
|
Batting: RHB Josh Faulconer
|
0-0: Ball 1-0: Ball 2-0: Foul Ball, location: 2F 2-1: Foul Ball, location: 2F 2-2: Foul Ball, location: 2F 2-2: SINGLE (Groundball, 6MD, EV 97.5 MPH) (infield hit)
|
|
Batting: RHB Juan Rosa
|
0-0: Ball 1-0: Called Strike 1-1: Grounds into double play, 5-4-3 (Groundball, 5, EV 91.9 MPH)
|
|
Batting: LHB Justin Alexander
|
0-0: Foul Ball, location: 2F 0-1: Ball 1-1: Ball 2-1: Foul Ball, location: 2F 2-2: Strikes out looking
|
| Top of the 8th over - 0 runs, 1 hit, 0 errors, 0 left on base; Salt Lake 1 - Round Rock 6 |
| BOTTOM OF THE 8TH |
|
Round Rock Express batting - Pitching for Salt Lake Bees : RHP Andrew Tipton
|
|
Batting: RHB Bill Turnbull
|
0-0: Ball 1-0: Ground out 6-3 (Groundball, 6, EV 87.5 MPH)
|
|
Batting: RHB Martin Guerrero
|
0-0: Called Strike 0-1: Ball 1-1: Ball 2-1: Foul Ball, location: 2F 2-2: Ball 3-2: SINGLE (Groundball, 4MD, EV 105.6 MPH)
|
|
Batting: RHB Trevor Mock
|
0-0: Called Strike 0-1: Fly out, F8 (Flyball, 8RXD, EV 83.1 MPH)
|
|
Batting: RHB Ivan Colon
|
0-0: Ball 1-0: Swinging Strike 1-1: Ball 2-1: Ball 3-1: Base on Balls Martin Guerrero to second
|
|
Batting: RHB Jeremy Boerman
|
0-0: Called Strike 0-1: Foul Ball, location: 2F 0-2: Fly out, F8 (Flyball, 8RD, EV 99.4 MPH)
|
| Bottom of the 8th over - 0 runs, 1 hit, 0 errors, 2 left on base; Salt Lake 1 - Round Rock 6 |
| TOP OF THE 9TH |
|
Salt Lake Bees batting - Pitching for Round Rock Express : RHP Kurt Vitta
|
|
Batting: SHB Butch Brown
|
0-0: Called Strike 0-1: Foul Ball, location: 2F 0-2: Ball 1-2: Foul Ball, location: 2F 1-2: Fly out, F5 (Popup, 25, EV 93.1 MPH)
|
|
Batting: RHB Ryan Munro
|
0-0: Foul Ball, location: 2F 0-1: Ball 1-1: Swinging Strike 1-2: DOUBLE (Line Drive, 5D, EV 96.9 MPH)
|
|
Batting: LHB Jonathon Walton
|
0-0: Called Strike 0-1: Swinging Strike 0-2: Ball 1-2: Foul Ball, location: 2F 1-2: Ball 2-2: Ground out 4-3 (Groundball, 4S, EV 84.4 MPH) Ryan Munro to third
|
|
Batting: LHB Brett Bugge
|
0-0: Ball 1-0: Ball 2-0: Called Strike 2-1: Swinging Strike 2-2: Strikes out swinging
|
| Top of the 9th over - 0 runs, 1 hit, 0 errors, 1 left on base; Salt Lake 1 - Round Rock 6 |
|